 Dungeon Crawl Stone Soup version 0.28.0-49-g6dfe1f597d (webtiles) character file.

Game seed: 6424223881537264083

4 Snarg the Chiller (level 1, -1/13 HPs)
             Began as a Human Ice Elementalist on May 17, 2022.
             Slain by a hobgoblin (3 damage)
             ... on level 3 of the Dungeon.
             The game lasted 00:14:48 (189 turns).

Snarg the Chiller (Human Ice Elementalist)           Turns: 189, Time: 00:14:48

Health: -1/13      AC:  3    Str:  8    XL:     1   Next: 77%
Magic:  0/3        EV: 11    Int: 15    God:
Gold:   0          SH:  0    Dex: 13    Spells: 3/4 levels left

rFire   . . .      SeeInvis .   d - +0 dagger
rCold   . . .      Faith    .   (no shield)
rNeg    . . .      Spirit   .   b - +0 leather armour
rPois   .          Reflect  .   (no helmet)
rElec   .          Harm     .   (no cloak)
rCorr   .          Rampage  .   (no gloves)
Will    .....                   (no boots)
Stlth   ++........              (no amulet)
HPRegen 0.04/turn               (no ring)
MPRegen 0.08/turn               (no ring)

@: no status effects
A: no striking features
a: no special abilities


You were on level 3 of the Dungeon.
You visited 1 branch of the dungeon, and saw 3 of its levels.

Inventory:

Hand Weapons
 d - a +0 dagger (weapon)
Missiles
 c - 22 bolts
Armour
 a - a +0 robe
 b - a +0 leather armour (worn)


   Skills:
 + Level 2.1 Dodging
 + Level 2.0 Stealth
 + Level 2.0 Spellcasting
 + Level 4.1 Ice Magic


You had 3 spell levels left.
You knew the following spells:

 Your Spells              Type           Power      Damage    Failure   Level
a - Freeze                Ice            56%        1d7       6%          1

Your spell library contained the following spells:

 Spells                   Type           Power      Damage    Failure   Level
 Frozen Ramparts          Ice            28%        1d4       17%         3
 Ozocubu's Armour         Ice            14%        N/A       17%         3
 Hailstorm                Conj/Ice       7%         3d4       80%         4


Dungeon Overview and Level Annotations

Branches:
Dungeon (3/15)

Altars:

Annotations:
D:3 Robin


Message History

The goblin closely misses you. Robin throws the goblin at you!
The goblin closely misses you.
A kobold comes into view. It is wielding a +0 short sword.
The kobold moves out of view.
A hobgoblin comes into view.
The hobgoblin shouts!
The kobold shouts!
You hear a shout!
You barely miss the goblin. The goblin hits you with a +0 club.
The goblin hits you but does no damage.
The hobgoblin hits you but does no damage.
Casting: Freeze (safe; 6% risk of failure)
Confirm with . or Enter, or press ? or * to list all spells.
Aiming: Freeze (safe; 6% risk of failure)
Press: ? - help, Shift-Dir - straight line, f - goblin
Aim: a goblin, wielding a +0 club You freeze the goblin.
The goblin is heavily wounded.
The goblin misses you. The goblin closely misses you.
The kobold closely misses you. The hobgoblin misses you.
Casting: Freeze (safe; 6% risk of failure)
Confirm with . or Enter, or press ? or * to list all spells.
Aiming: Freeze (safe; 6% risk of failure)
Press: ? - help, Shift-Dir - straight line, f/p - goblin
Aim: a goblin, wielding a +0 club (heavily wounded)
You freeze the goblin.
You kill the goblin!
The kobold barely misses you. The hobgoblin hits you.
Unknown command.
Unknown command.
Casting: Freeze (safe; 6% risk of failure)
Confirm with . or Enter, or press ? or * to list all spells.
Aiming: Freeze (safe; 6% risk of failure)
Press: ? - help, Shift-Dir - straight line, f - goblin
Aim: a goblin, wielding a +0 club You freeze the goblin.
The goblin is moderately wounded.
The goblin closely misses you.
The kobold hits you with a +0 short sword.
* * * LOW HITPOINT WARNING * * *
The hobgoblin hits you.
You die...

.# .# ###.###
##..... .....##
#.#...
#######g#.#
......g@K.#
#######g###
#.gg# #g### #g#
##.##
#gg.#######
#gg........
..g...g....####.


You could see a hobgoblin, 6 goblins and a kobold.

Vanquished Creatures
  A ball python (D:1)
  An endoplasm (D:1)
  2 goblins
4 creatures vanquished.

Notes
Turn   | Place    | Note
-------+----------+-------------------------------------------
     0 | D:1      | Snarg the Human Ice Elementalist began the quest for the
                  | Orb.
     0 | D:1      | Reached XP level 1. HP: 13/13 MP: 3/3
   176 | D:3      | Noticed Robin
   189 | D:3      | Slain by a hobgoblin

Illustrated notes

Levels and vault maps discovered:
D:1:      minmay_arrival_checkered_box, layout_rooms,
          dreamdust_ecumenical_altar_statues, serial_shops, shop,
          nicolae_diamond_shop, nicolae_lakefront_shop,
          nicolae_shop_overgrown_old_shop, minmay_misc_feat_cross,
          minmay_misc_feat_alley
D:2:      layout_basic, basic_altar, serial_forest,
          infiniplex_forest_clump_small, infiniplex_forest_lined_room_2,
          infiniplex_forest_end_1, infiniplex_forest_clump_C,
          infiniplex_forest_diagonal, serial_shops, shop
D:3:      layout_loops_ring, uniq_ijyb, uniq_natasha, uniq_crazy_yiuf_cottage,
          uniq_robin

Action                   || total
-------------------------++-------
Melee: Dagger            ||     1
 Cast: Freeze            ||     9
Armor: Leather armour    ||     5
Dodge: Dodged            ||    11
